 Dungeon Crawl Stone Soup version 0.31.0-12-g77e489cdc1 (webtiles) character file.

Game seed: 13876450816942025211

17 lordive the Changeling (level 2, 0/18 HPs)
             Began as an Octopode Shapeshifter on Feb 29, 2024.
             Slain by a hobgoblin (3 damage)
             ... on level 1 of the Dungeon.
             The game lasted 00:00:25 (59 turns).

lordive the Changeling (Octopode Shapeshifter)        Turns: 59, Time: 00:00:25

Health: 0/18       AC:  1    Str: 13    XL:     2   Next: 62%
Magic:  2/2        EV: 13    Int: 12    God:
Gold:   25         SH:  0    Dex: 11    Spells: 1/1 levels left

rFire   . .          .
                       - Unarmed
rCold   . . .        (no shield)
rNeg    . . .        (helmet currently unavailable)
rPois   .            (no amulet)
rElec   .            (no ring)
rCorr   .            (no ring)
SInv    .            (no ring)
Will    .....        (no ring)
Stlth   ++           (no ring)
HPRegen 0.23/turn    (no ring)
MPRegen 0.08/turn    (no ring)
                     (no ring)

%: no passive effects
@: beast-form
A: beast (slay +1), almost no armour, amphibious, 8 rings, camouflage 1,
gelatinous body 1, (nimble swimmer 1), tentacles
a: Begin Untransformation


You were on level 1 of the Dungeon.
You were a hulking beast.
You visited 1 branch of the dungeon, and saw 1 of its levels.

You collected 25 gold pieces.

Inventory:

Talismans
 b - a beast talisman
 c - a flux talisman
Potions
 a - a potion of lignification


   Skills:
 + Level 1.0 Fighting
 + Level 2.2 Dodging
 + Level 3.1 Unarmed Combat
 * Level 3.4 Shapeshifting


You had one spell level left.
You didn't know any spells.
Your spell library was empty.

Dungeon Overview and Level Annotations

Branches:
Dungeon (1/15)

Altars:


Innate Abilities, Weirdness & Mutations

You are a hulking beast.
Your limbs bulge with bestial killing power. (Slay +1)
You cannot wear most types of armour.
You are amphibious.
You can wear up to eight rings at the same time.
Your skin changes colour to match your surroundings (Stealth+).
Your rubbery body absorbs attacks. (AC +1, EV +1)
((You are camouflaged when in or above water. (Stealth+)))
You have tentacles for arms and can constrict up to eight enemies at once.


Message History

You are too injured to fight recklessly!
Unknown command.
You are too injured to fight recklessly!
You are too injured to fight recklessly!
You tentacle-slap the jackal. Your grab misses the jackal.
The jackal is moderately wounded.
The bat misses you. The jackal misses you. The jackal barely misses you.
The jackal misses you. The jackal closely misses you.
You tentacle-slap the jackal but do no damage.
You grab the jackal.
The jackal is moderately wounded.
You constrict the jackal. The bat hits you but does no damage.
The hobgoblin hits you. The frilled lizard barely misses you.
The bat closely misses you.
The jackal bites you but does no damage.
The jackal misses you.
You tentacle-slap the jackal. You squeeze the jackal.
You kill the jackal!
The bat hits you. The frilled lizard closely misses you.
The hobgoblin barely misses you. The jackal bites you.
You tentacle-slap the jackal. Your grab misses the jackal.
You squeeze the jackal, but do no damage.
The jackal is severely wounded.
The bat closely misses you. The jackal bites you.
The frilled lizard closely misses you. The hobgoblin closely misses you.
The bat barely misses you. The jackal bites you.
* * * LOW HITPOINT WARNING * * *
You closely miss the jackal. You grab the jackal.
The jackal is severely wounded.
You constrict the jackal.
You kill the jackal!
The bat hits you but does no damage. The bat hits you.
* * * LOW HITPOINT WARNING * * *
The frilled lizard misses you. The hobgoblin barely misses you.
You closely miss the hobgoblin. Your grab misses the hobgoblin.
Your tentacle-slap misses the hobgoblin.
The bat hits you.
* * * LOW HITPOINT WARNING * * *
The frilled lizard barely misses you. The hobgoblin hits you.
You die...

#.......# #.......###
#.......... #.........
#.......### #
#..)....... #
###..)l.....# .# #
#....h..#...##. #
#...$bg.......# #
#.............# .# #
#.............# .# ###
#.............# .###..
####......†....##.#....
#..................#..†#
#.##.......#.#..#.##...#
#........)...........


You could see a hobgoblin, a bat and a frilled lizard.

Vanquished Creatures
  A dart slug (D:1)
  2 ball pythons (D:1)
  3 bats (D:1)
  2 endoplasms (D:1)
  2 goblins (D:1)
  3 jackals (D:1)
13 creatures vanquished.

Notes
Turn   | Place    | Note
-------+----------+-------------------------------------------
     0 | D:1      | lordive the Octopode Shapeshifter began the quest for the
                  | Orb.
     0 | D:1      | Reached XP level 1. HP: 13/13 MP: 1/1
    27 | D:1      | Reached XP level 2. HP: 16/18 MP: 2/2
    59 | D:1      | Slain by a hobgoblin

Illustrated notes

Levels and vault maps discovered:
D:1:      dpeg_arrival_short_road, layout_loops_ring

Action                     || total
---------------------------++-------
  Melee: Unarmed           ||    25
         Constrict         ||     8
         Tentacles         ||     7
         Punch             ||     1
 Armour: Skin              ||    26
  Dodge: Dodged            ||    43
